 Dungeon Sprint DCSS version 0.21-a0-221-gfe971b9 (webtiles) character file.

6400000 minicreteconcrete the Conqueror (level 26, -4/314 HPs)
             Began as a Demonspawn Fighter on Aug 27, 2017.
             Was the Champion of Makhleb.
             Slain by a meat berserker
             ... wielding a +9 battleaxe
              (53 damage)
             ... in the Dungeon (Sprint VIII: "Arena of Blood").
             The game lasted 00:02:02 (64 turns).

minicreteconcrete the Conqueror (Demonspawn Fighter)  Turns: 64, Time: 00:02:02

Health: -4/314     AC: 13    Str: 18    XL:     26   Next: 70%
Magic:  32/54      EV: 31    Int: 12    God:    Makhleb [******]
Gold:   0          SH:  0    Dex: 21    Spells: 79/79 levels left

rFire    . . .     SeeInvis +   l - +∞ Axe of Woe
rCold    . . .     Gourm    .   (shield currently unavailable)
rNeg     . . .     Faith    .   b - +0 scale mail
rPois    .         Spirit   .   (helmet unavailable)
rElec    .         Reflect  .   (no cloak)
rCorr    .         Harm     .   (gloves unavailable)
MR       +....     NoTele   +   (boots unavailable)
Stlth    +++++++++.             (no amulet)
HPRegen  0.62/turn              m - ring of see invisible
MPRegen  0.34/turn              (no ring)

@: no status effects
A: claws 3, horns 3, talons 3, demonic guardian 2, robust 3, spiny 3
a: Minor Destruction, Lesser Servant of Makhleb, Major Destruction, Greater
Servant of Makhleb, Renounce Religion


You were in the Dungeon.
You worshipped Makhleb.
Makhleb was exalted by your worship.
You were not hungry.

You visited 1 branch

Inventory:

Hand Weapons
 a - a +0 war axe
 l - the +∞ Axe of Woe (weapon)
   (You found it in the Dungeon)
Armour
 b - a +0 scale mail (worn)
 c - a +0 shield
Jewellery
 m - a ring of see invisible (left claw)
Scrolls
 k - a scroll of blinking
Potions
 d - a potion of might
 e - a potion of curing
 g - a potion of heal wounds
 h - a potion of haste
 i - 2 potions of magic
 j - a potion of berserk rage
Comestibles
 f - a bread ration


   Skills:
 O Level 27 Fighting
 O Level 27 Axes
 O Level 27 Throwing
 O Level 27 Armour
 O Level 27 Dodging
 O Level 27 Stealth
 O Level 27 Shields
 O Level 27 Unarmed Combat
 O Level 27 Spellcasting
 O Level 27 Invocations


You had 79 spell levels left.
You didn't know any spells.

Dungeon Overview and Level Annotations

Branches:
Dungeon (1/1)

Altars:
Makhleb

Annotations:
D The Servant


Innate Abilities, Weirdness & Mutations

You have claws for hands.
You have a pair of large horns on your head.
You have claws for feet.
A demonic guardian rushes to your aid.
You are extremely robust. (+30% HP)
You are completely covered in sharp spines.


Message History

You hear a shout!
The bag of meat closely misses you.
You hear a shout!
A meat berserker comes into view. It is wielding a +9 battleaxe.
Unknown command.
You hear a shout!
The meat berserker rages.
The destroyer blinks!
The bag of meat hits you with a +9 war axe!!
* * * LOW HITPOINT WARNING * * *
The bag of meat is struck by your spines.
The bag of meat hits you with a +9 war axe!
* * * LOW HITPOINT WARNING * * *
You hear a shout!
The accursed gestures at you while chanting.
Something smites you!
* * * LOW HITPOINT WARNING * * *
The meat berserker is struck by your spines.
The meat berserker hits you with a +9 battleaxe!!!
You die...

######## .....).####
)OO).)....####
#)#####).OM.o####
..o.....oO§..o..####
o##.o...LoOoMO.Vo..####
oo.o.....oooooo.@.....#
#.#......o#ooo2ooO....#
........####@oooo.....#
......V.....oDoo......#
o....... .....L#....O.#
§.....................#
§O...%. .......#......#
%..#..................#
...#...


You could see 2 accurseds, a meat beast, a tyrant, The Servant, an eight-headed
meat hydra, a destroyer, 3 large bags of meat, 3 meat berserkers and 24 bags of
meat.

Vanquished Creatures
  8 vampire knights (D)
  15 ogres (D)
  A two-headed ogre (D)
  33 orcs (D)
57 creatures vanquished.

Notes
Turn   | Place    | Note
-------+----------+-------------------------------------------
     0 | D        | Found the +∞ Axe of Woe
     0 | D        | minicreteconcrete the Demonspawn Fighter began the quest for the Orb.
     0 | D        | Reached XP level 1. HP: 18/18 MP: 1/1
     4 | D        | Noticed a bag of meat
     4 | D        | Noticed a meat berserker
     5 | D        | Noticed a bag of meat
     7 | D        | Killed a meat berserker
     7 | D        | Gained mutation: You have a pair of small horns on your head. [demonic ancestry]
     7 | D        | Reached XP level 2. HP: 48/48 MP: 2/2
     7 | D        | Reached XP level 3. HP: 54/54 MP: 3/3
     7 | D        | Gained mutation: You have sharp fingernails. [demonic ancestry]
     7 | D        | Reached XP level 4. HP: 62/62 MP: 4/4
     7 | D        | Reached XP level 5. HP: 68/68 MP: 5/5
     7 | D        | Reached XP level 6. HP: 75/75 MP: 6/6
     7 | D        | Gained mutation: You have very sharp fingernails. [demonic ancestry]
     7 | D        | Reached XP level 7. HP: 82/82 MP: 7/7
     7 | D        | Gained mutation: You have a pair of horns on your head. [demonic ancestry]
     7 | D        | Reached XP level 8. HP: 89/89 MP: 8/8
     7 | D        | Reached XP level 9. HP: 95/95 MP: 9/9
     7 | D        | Reached XP level 10. HP: 103/103 MP: 10/10
     7 | D        | Gained mutation: You have sharp toenails. [demonic ancestry]
     7 | D        | Reached XP level 11. HP: 109/109 MP: 11/11
     7 | D        | Gained mutation: You are partially covered in sharp spines. [demonic ancestry]
     7 | D        | Reached XP level 12. HP: 116/116 MP: 12/12
     7 | D        | Reached XP level 13. HP: 122/122 MP: 13/13
     7 | D        | Killed a bag of meat
     8 | D        | Noticed a meat berserker
     8 | D        | Noticed a bag of meat
    10 | D        | Noticed a meat berserker
    10 | D        | Became a worshipper of Makhleb the Destroyer
    11 | D        | Killed a bag of meat
    11 | D        | Reached skill level 5 in Dodging
    11 | D        | Gained mutation: A weak demonic guardian rushes to your aid. [demonic ancestry]
    11 | D        | Reached XP level 14. HP: 116/136 MP: 14/14
    11 | D        | Killed a bag of meat
    11 | D        | Reached * piety under Makhleb
    13 | D        | Killed a meat berserker
    13 | D        | Gained mutation: You are mostly covered in sharp spines. [demonic ancestry]
    13 | D        | Reached XP level 15. HP: 74/147 MP: 15/15
    14 | D        | Noticed a meat berserker
    14 | D        | Killed a meat berserker
    14 | D        | Gained mutation: You have razor-sharp toenails. [demonic ancestry]
    14 | D        | Reached XP level 16. HP: 79/157 MP: 16/16
    16 | D        | Noticed a meat berserker
    16 | D        | Noticed a meat berserker
    17 | D        | Killed a meat berserker
    17 | D        | Reached ** piety under Makhleb
    17 | D        | Reached skill level 15 in Dodging
    17 | D        | Gained mutation: You have a pair of large horns on your head. [demonic ancestry]
    17 | D        | Reached XP level 17. HP: 97/169 MP: 17/17
    18 | D        | Noticed a large bag of meat
    18 | D        | Reached *** piety under Makhleb
    19 | D        | Killed a meat berserker
    19 | D        | Reached skill level 27 in Fighting
    19 | D        | Reached XP level 18. HP: 182/182 MP: 18/18
    19 | D        | Killed a meat berserker
    19 | D        | Reached **** piety under Makhleb
    19 | D        | Gained mutation: You have claws for hands. [demonic ancestry]
    19 | D        | Reached XP level 19. HP: 189/189 MP: 19/19
    20 | D        | Noticed a large bag of meat
    20 | D        | Noticed a meat berserker
    21 | D        | Noticed a meat berserker
    21 | D        | Noticed a meat berserker
    21 | D        | Noticed a meat berserker
    22 | D        | Noticed a meat berserker
    22 | D        | Noticed a meat berserker
    22 | D        | Noticed a destroyer
    24 | D        | Killed a meat berserker
    24 | D        | Reached skill level 27 in Armour
    24 | D        | Reached ***** piety under Makhleb
    24 | D        | Reached skill level 27 in Shields
    24 | D        | Reached skill level 27 in Axes
    24 | D        | Gained mutation: You have claws for feet. [demonic ancestry]
    24 | D        | Reached XP level 20. HP: 197/197 MP: 20/20
    24 | D        | Reached skill level 27 in Stealth
    24 | D        | Reached skill level 27 in Dodging
    25 | D        | Killed a large bag of meat
    25 | D        | Reached skill level 15 in Invocations
    25 | D        | Gained mutation: You are robust. (+10% HP) [demonic ancestry]
    25 | D        | Reached XP level 21. HP: 197/224 MP: 20/38
    25 | D        | Reached ****** piety under Makhleb
    25 | D        | Reached skill level 15 in Throwing
    25 | D        | Reached skill level 15 in Unarmed Combat
    25 | D        | Reached skill level 15 in Spellcasting
    26 | D        | Noticed a large bag of meat
    26 | D        | Killed a destroyer
    26 | D        | Gained mutation: You are very robust. (+20% HP) [demonic ancestry]
    26 | D        | Reached XP level 22. HP: 224/254 MP: 20/45
    26 | D        | Reached skill level 27 in Invocations
    27 | D        | Noticed a large bag of meat
    29 | D        | Noticed a destroyer
    31 | D        | Noticed a destroyer
    31 | D        | Noticed a destroyer
    32 | D        | Noticed a destroyer
    35 | D        | Killed a destroyer
    35 | D        | Gained mutation: You are completely covered in sharp spines. [demonic ancestry]
    35 | D        | Reached XP level 23. HP: 101/262 MP: 22/53
    35 | D        | Reached skill level 27 in Throwing
    35 | D        | Reached skill level 27 in Unarmed Combat
    35 | D        | Reached skill level 27 in Spellcasting
    35 | D        | Killed a destroyer
    36 | D        | Noticed a destroyer
    36 | D        | Noticed a destroyer
    39 | D        | Killed a destroyer
    39 | D        | Reached XP level 24. HP: 116/272 MP: 24/54
    43 | D        | Noticed The Servant
    47 | D        | Killed a destroyer
    49 | D        | Noticed an accursed
    49 | D        | Noticed an accursed
    51 | D        | Gained mutation: A demonic guardian rushes to your aid. [demonic ancestry]
    51 | D        | Reached XP level 25. HP: 280/280 MP: 27/54
    51 | D        | Killed a destroyer
    52 | D        | Noticed a destroyer
    53 | D        | Noticed a tyrant
    55 | D        | Noticed a destroyer
    58 | D        | Noticed a tyrant
    59 | D        | Killed a destroyer
    59 | D        | Gained mutation: You are extremely robust. (+30% HP) [demonic ancestry]
    59 | D        | Reached XP level 26. HP: 280/314 MP: 30/54
    60 | D        | Killed a destroyer
    61 | D        | Noticed a meat beast
    64 | D        | Slain by a meat berserker

Vault maps used:
D:        meatsprint

Skill      XL: |  1  2  3  4  5  6  7  8  9 10 11 12 13 14 15 16 17 18 19 20 21 22 23 |
---------------+----------------------------------------------------------------------+-----
Fighting       | 18 20 22 23 25 27 | 27.0
Axes           | 11 12 14 16 17 21 23 27 | 27.0
Armour         | 16 19 20 21 23 24 26 27 | 27.0
Shields        | 16 18 20 21 22 24 25 27 | 27.0
Dodging        | 5 11 13 16 19 21 25 27 | 27.0
Stealth        | 6 12 14 17 20 22 26 27 | 27.0
Throwing       | 13 19 26 27 | 27.0
Unarmed Combat | 13 19 26 27 | 27.0
Spellcasting   | 13 19 26 27 | 27.0
Invocations    | 17 25 27 | 27.0

Action                   |  1- 3 |  4- 6 |  7- 9 | 10-12 | 13-15 | 16-18 | 19-21 | 22-24 | 25-27 || total
-------------------------+-------+-------+-------+-------+-------+-------+-------+-------+-------++-------
Melee: Executioner's axe |     1 |       |       |       |     3 |     3 |     3 |     6 |     3 ||    19
Armor: Scale mail        |       |       |       |       |       |       |       |     3 |       ||     3
Dodge: Dodged            |       |       |       |       |       |       |     3 |     2 |     2 ||     7

Table legend:
 A = Spawn XP
 B = Non-spawn XP
 C = Spawn XP percentage of total XP
 D = Spawn monster count
 E = Non-spawn monster count
 F = Spawn count percentage of total count
 G = Total turns spent on level
                    A         B        C        D         E        F      G
               +---------+---------+-------+---------+---------+-------+---------
         Total |       0 | 1443949 |   0.0 |       0 |      57 |   0.0 |    64
               +---------+---------+-------+---------+---------+-------+---------
             D |       0 | 1443949 |   0.0 |       0 |      57 |   0.0 |    64
               +---------+---------+-------+---------+---------+-------+---------
